 Dungeon Crawl Stone Soup version 0.28-a0-461-g2dc4ca5097 (webtiles) character file.

Game seed: 17657322834128893898

10348 lunkers the Thaumaturge (level 11, -11/87 HPs)
             Began as a Djinni Earth Elementalist on Sept 13, 2021.
             Was a Follower of Ashenzari.
             Mangled by a white ugly thing (34 damage)
             ... on level 10 of the Dungeon.
             The game lasted 00:21:22 (12807 turns).

lunkers the Thaumaturge (DjEE)                     Turns: 12807, Time: 00:21:23

Health: -11/87     AC: 14    Str:  7    XL:     11   Next: 91%
Gold:   473        EV:  9    Int: 21    God:    Ashenzari [*.....] SH:  9 Dex: 13

rFire   + + .      SeeInvis .   e - +2 dagger (elec)
rCold   . . .      Faith    .   D - +0 kite shield
rNeg    . . .      Spirit   .   r - +0 troll leather armour
rPois   ∞          Reflect  .   p - +2 hat of the Sky {Evo, Cun} (curse)
rElec   .          Harm     .   J - +1 cloak {rCorr}
rCorr   +          Rampage  .   q - +1 pair of gloves "Sybil of Ashenzari" {Self, Evo} (curse)
Will    +....                   (boots unavailable)
Stlth   ++........              (no amulet)
HPRegen 1.24/turn               x - ring of protection from cold
MPRegen 0.00/turn               I - +4 ring of protection

@: about to teleport, flying
A: sickness immunity, fire resistance 2, cold vulnerability 1, float, innate
caster, hp casting, extra vitality 1
a: Renounce Religion, Shatter the Chains


You were on level 10 of the Dungeon.
You worshipped Ashenzari.
Ashenzari was aware of your devotion.
You visited 2 branches of the dungeon, and saw 11 of its levels.

You collected 473 gold pieces.

Inventory:

Hand Weapons
 e - a +2 dagger of electrocution (weapon)
Missiles
 c - 172 stones
 g - 3 throwing nets
Armour
 b - a +0 robe
 d - a +0 helmet
 p - the cursed +2 hat of the Sky (worn) {Evo, Cun}
   (You found it on level 3 of the Dungeon)

   It has a curse which improves the following skills: Evocations: Evocations.
   Cunning:   Dodging and Stealth.
 q - the cursed +1 pair of gloves "Sybil of Ashenzari" (worn) {Self, Evo}
   (You found it on level 4 of the Dungeon)

   It has a curse which improves the following skills: Introspection: Fighting
   and Spellcasting.
   Evocations: Evocations.
 r - a +0 troll leather armour (worn)
 D - a +0 kite shield (worn)
 J - a +1 cloak of preservation (worn)
Magical Staves
 s - a staff of poison
Jewellery
 x - a ring of protection from cold (left hand)
 I - a +4 ring of protection (right hand)
Wands
 k - a wand of mindburst (18)
 o - a wand of flame (11)
 E - a wand of polymorph (10)
 G - a wand of iceblast (16)
Scrolls
 h - 2 scrolls of teleportation
 i - a scroll of enchant weapon
 j - 2 scrolls of magic mapping
 t - 3 scrolls of enchant armour
 u - a scroll of blinking
 v - a scroll of immolation
 w - a scroll of summoning
 y - 2 scrolls of fear
 z - a scroll of brand weapon
 B - a scroll of acquirement
Potions
 a - 4 potions of curing
 f - a potion of berserk rage
 l - 2 potions of cancellation
 m - 2 potions of brilliance
 n - a potion of resistance
 A - a potion of haste
 C - 2 potions of heal wounds
 H - a potion of mutation


   Skills:
 + Level 10.1(11.0) Fighting
 - Level 2.1(3.0) Dodging
 - Level 1.5(2.3) Stealth
 - Level 4.0 Shields
 * Level 11.2(12.1) Spellcasting


You had 10 spell levels left.
You knew the following spells:

 Your Spells              Type           Power      Damage    Failure   Level
a - Stone Arrow           Conj/Erth      100%       3d13      1%          3
b - Passwall              Tmut/Erth      49%        N/A       1%          2
c - Sandblast             Erth           100%       2d20      1%          1
d - Petrify               Tmut/Erth      59%        N/A       2%          4
e - Foxfire               Conj/Fire      100%       2x1d9     1%          1
f - Poisonous Vapours     Pois/Air       100%       N/A       1%          2
g - Spider Form           Tmut/Pois      29%        N/A       1%          3
h - Swiftness             Air            59%        N/A       1%          3
i - Borgnjor's Vile Clut  Necr/Erth      29%        N/A       6%          5
Your spell library was empty.

Dungeon Overview and Level Annotations

Branches:
Dungeon (10/15)            Temple (1/1) D:6
   Lair: D:8-11         Orc: D:9-12

Altars:
Ashenzari
Cheibriados
Dithmenos
Elyvilon
Fedhas
Gozag
Hepliaklqana
Kikubaaqudgha
Makhleb
Nemelex Xobeh
Okawaru
Qazlal
Ru
Sif Muna
Trog
Uskayaw
Vehumet
Wu Jian
Xom
Yredelemnul
Zin
The Shining One
Beogh

Shops:
D:9 [*:[=

Annotations:
D:4 3 runed translucent doors, D12ThenQuit's ghost, amateur MfBr


Innate Abilities, Weirdness & Mutations

You are immune to sickness and miasma.
You are immune to poison.
Your flesh is very heat resistant. (rF++)
You are vulnerable to cold. (rC-)
You float through the air rather than walking.
You learn spells naturally, not from books.
Your magical power is your life essence.
You have superior vitality. (+4 HP)


Message History

A slime creature comes into view.
Casting: Stone Arrow (safe; 1% risk of failure)
Confirm with . or Enter, or press ? or * to list all spells.
The stone arrow hits the white ugly thing!
The white ugly thing is lightly wounded.
Casting: Stone Arrow (safe; 1% risk of failure)
Confirm with . or Enter, or press ? or * to list all spells.
The stone arrow hits the white ugly thing.
The white ugly thing is moderately wounded.
Casting: Stone Arrow (safe; 1% risk of failure)
Confirm with . or Enter, or press ? or * to list all spells.
The stone arrow hits the white ugly thing!
The white ugly thing is heavily wounded.
You block the white ugly thing's attack.
You see here a troll corpse.
The killer bee buzzes angrily.
Casting: Stone Arrow (safe; 1% risk of failure)
Confirm with . or Enter, or press ? or * to list all spells.
The stone arrow misses the white ugly thing.
The stone arrow misses the killer bee.
The stone arrow hits the slime creature!!
The slime creature is heavily wounded.
The white ugly thing gores you. The white ugly thing freezes you!!
Casting: Stone Arrow (safe; 1% risk of failure)
Confirm with . or Enter, or press ? or * to list all spells.
The stone arrow hits the white ugly thing!
The white ugly thing is heavily wounded.
The white ugly thing gores you!
* * * LOW HITPOINT WARNING * * *
The white ugly thing freezes you!!
* * * LOW HITPOINT WARNING * * *
Aiming: Mindburst
Press: ? - help, Shift-Dir - straight line, f/p - white ugly thing
Aim: a white ugly thing (heavily wounded, chance to affect: 48%)
Okay, then.
As you read the scroll of teleportation, it crumbles to dust.
You feel strangely unstable. The white ugly thing gores you!
* * * LOW HITPOINT WARNING * * *
The white ugly thing freezes you!!
You die...

#.#<.......#
.## #
##....###.# #
#.##o##.# ##
#...o...#
####o#### #y#
#J# #u# ##@###
#....# ##.#.#
###.###
#.....#
#.#.#.#####
#.#.......# #
###.###.####.#
#.# #<.....#


You could see a white ugly thing, a slime creature, 2 orc warriors, a killer bee
and an orc.

Vanquished Creatures
  A hydra (D:7)
  2 two-headed ogres
  Pikel (D:8)
  Maurice (D:8)
  Maggie (D:8)
  A gargoyle (D:9)
  An efreet (D:7)
  A kobold demonologist (D:8)
  3 trolls
  Prince Ribbit (D:5)
  A raiju (shapeshifter) (D:8)
  A shadow (D:7)
  5 yaks (D:9)
  2 wyverns
  2 steam dragons (D:8)
  Eustachio (D:5)
  3 vampire mosquitoes (D:7)
  Menkaure (D:4)
  A sky beast (D:7)
  A water moccasin (D:7)
  4 orc warriors
  An ice beast (D:7)
  A necrophage (D:4)
  4 centaurs
  A phantom (D:5)
  A lemure (D:8)
  4 kobold brigands
  A bullfrog (D:7)
  A gnoll sergeant (D:9)
  A water moccasin zombie (D:5)
  A water moccasin skeleton (D:4)
  8 wights
  3 killer bees (D:7)
  A howler monkey (D:5)
  4 centaur zombies
  A bullfrog zombie (D:5)
  A hound (D:5)
  2 jellies
  3 bullfrog skeletons
  2 centaur skeletons (D:7)
  8 orc priests
  2 gnoll shamans
  2 iguanas
  10 orc wizards
  A killer bee zombie (D:6)
  7 adders
  17 gnolls
  A shadow imp (D:7)
  A white imp (D:4)
  An ufetubus (D:5)
  2 worms
  A dart slug (D:2)
  40 orcs
  8 ball pythons
  A bat zombie (D:3)
  6 endoplasms
  5 giant cockroaches
  3 hobgoblins
  2 jackals (D:3)
  A quokka (D:3)
  3 bats
  2 frilled lizards
  6 goblins
  24 kobolds
  A quokka skeleton (D:4)
  4 rats
  2 rat zombies (D:3)
237 creatures vanquished.

Notes
Turn   | Place    | Note
-------+----------+-------------------------------------------
     0 | D:1      | lunkers the Djinni Earth Elementalist began the quest for
                  | the Orb.
     0 | D:1      | Reached XP level 1. HP: 15/15 MP: 0/0
   193 | D:1      | Found a faded altar of an unknown god.
   197 | D:1      | Reached XP level 2. HP: 21/22 MP: 0/0
   461 | D:1      | Reached skill level 1 in Fighting
   634 | D:2      | Reached skill level 3 in Spellcasting
   634 | D:2      | Reached XP level 3. HP: 27/27 MP: 0/0
   634 | D:2      | Learned a level 1 spell: Foxfire
   714 | D:2      | Reached XP level 4. HP: 27/33 MP: 0/0
  1514 | D:3      | Reached XP level 5. HP: 34/38 MP: 0/0
  1514 | D:3      | Learned a level 2 spell: Poisonous Vapours
  2076 | D:4      | Reached skill level 4 in Spellcasting
  2126 | D:4      | Reached XP level 6. HP: 22/45 MP: 0/0
  2302 | D:4      | Noticed a necrophage
  2310 | D:4      | Killed a necrophage
  2512 | D:4      | Found an opulent altar of Gozag.
  2514 | D:4      | Found a bloodstained altar of Trog.
  2518 | D:4      | Noticed Menkaure
  2524 | D:4      | Killed Menkaure
  2525 | D:4      | Reached skill level 5 in Spellcasting
  2525 | D:4      | Reached XP level 7. HP: 22/51 MP: 0/0
  2525 | D:4      | Learned a level 3 spell: Spider Form
  2967 | D:4      | Found a runed translucent gate.
  2969 | D:4      | Found a runed translucent gate.
  2971 | D:4      | Found a runed translucent gate.
  2972 | D:4      | You are sucked into a shaft and drop 2 floors!
  2985 | D:5      | Entered Level 5 of the Dungeon
  3240 | D:5      | Found a white marble altar of Elyvilon.
  3279 | D:5      | Reached XP level 8. HP: 7/58 MP: 0/0
  3783 | D:5      | Noticed Eustachio
  3786 | D:5      | Killed Eustachio
  3787 | D:5      | Reached skill level 6 in Spellcasting
  3819 | D:5      | Reached skill level 5 in Fighting
  4392 | D:5      | Noticed Prince Ribbit
  4399 | D:5      | Killed Prince Ribbit
  4609 | D:5      | Reached XP level 9. HP: 55/66 MP: 0/0
  4609 | D:5      | Learned a level 3 spell: Swiftness
  4882 | D:4      | Reached skill level 7 in Spellcasting
  5140 | D:4      | Noticed D12ThenQuit's ghost (amateur MfBr)
  6428 | D:6      | Found a staircase to the Ecumenical Temple.
  6691 | D:7      | Reached skill level 8 in Spellcasting
  7064 | D:7      | Noticed a six-headed hydra
  7078 | D:7      | Killed a six-headed hydra
  7079 | D:7      | Reached XP level 10. HP: 13/75 MP: 0/0
  7500 | D:7      | Reached skill level 9 in Spellcasting
  8422 | D:7      | Noticed a two-headed ogre
  8426 | D:7      | Killed a two-headed ogre
  8553 | D:7      | Reached skill level 10 in Spellcasting
  8948 | D:8      | Noticed an efreet
  9142 | D:7      | Killed an efreet
  9143 | D:7      | Reached skill level 1 in Shields
  9143 | D:7      | Reached XP level 11. HP: 57/84 MP: 0/0
  9143 | D:7      | Learned a level 5 spell: Borgnjor's Vile Clutch
  9697 | Temple   | Entered the Ecumenical Temple
 10138 | Temple   | Became a worshipper of Ashenzari the Shackled
 10138 | Temple   | Identified a scroll of acquirement
 10255 | D:8      | Noticed Maurice
 10260 | D:8      | Killed Maurice
 10277 | D:8      | Identified the +1 robe of Dust Devil {Harm rN++ rCorr
                  | Int-2}
 10308 | D:8      | Noticed Maggie
 10319 | D:8      | Killed Maggie
 10577 | D:8      | Noticed Pikel
 10589 | D:8      | Killed Pikel
 11079 | D:9      | Found a sparkling altar of Nemelex Xobeh.
 11145 | D:9      | Noticed a two-headed ogre
 11170 | D:9      | Killed a two-headed ogre
 11394 | D:9      | Reached skill level 11 in Spellcasting
 11448 | D:9      | Found a glowing golden altar of the Shining One.
 11463 | D:9      | Found Mekec's Book Boutique.
 12020 | D:9      | Found Qezorr's Assorted Antiques.
 12030 | D:9      | Found Corat's Antique Armour Boutique.
 12045 | D:9      | Reached skill level 10 in Fighting
 12222 | D:9      | Reached * piety under Ashenzari
 12362 | D:9      | Found Jahuw's Antique Armour Shop.
 12400 | D:9      | Found Jeanejak's Jewellery Boutique.
 12750 | D:10     | Entered Level 10 of the Dungeon
 12787 | D:10     | Noticed a white ugly thing
 12807 | D:10     | Mangled by a white ugly thing

Illustrated notes

Levels and vault maps discovered:
D:1:      minmay_arrival_diagonal_passages, layout_rooms,
          hellmonk_ecumenical_altar_lost_god
D:2:      layout_rooms
D:3:      layout_rooms, lemuel_blue_sif_altar, lemuel_zombie_altar_kikubaaqudgha
D:4:      layout_basic, chequers_temple_overflow_statue_of_worship,
          biasface_ghost_orc_armoury, uniq_menkaure
D:5:      layout_loops_ring, mainiacjoe_overflow_boulevard,
          kennysheep_generic_room_2, uniq_eustachio, uniq_prince_ribbit1
D:6:      layout_gridville, minmay_temple_entry_enclosed_plants
D:7:      layout_basic, serial_curves, eino_curves_02, eino_curves_01,
          eino_curves_04, hangedman_minor_gate_pass
D:8:      layout_basic, amcnicky_altar_gilded, uniq_pikel, uniq_maurice,
          uniq_maggie
D:9:      layout_gridville, lemuel_round_altar, mainiacjoe_overflow_24_doors,
          serial_shops, shop, nicolae_stop_n_shop_2, nicolae_shop_crystal,
          nicolae_shop_competitors_out_of_business, shop, dk_rats_in_the_wall
D:10:     layout_loops_cross, erik_orc_1, minmay_ruined_shrine
Temple:   eino_temple_water

Skill      XL: |  1  2  3  4  5  6  7  8  9 10 11 |
---------------+----------------------------------+-----
Fighting       | 1 2 3 4 5 7 9 10 | 10.1
Spellcasting   | 3 4 5 6 8 10 11 | 11.2
Shields        | 1 4 |  4.0
Dodging        | |  2.1
Stealth        | |  1.5

Action                   |  1- 3 |  4- 6 |  7- 9 | 10-12 || total
-------------------------+-------+-------+-------+-------++-------
Melee: Dagger            |    13 |    41 |       |     1 ||    55
 Cast: Sandblast         |    18 |    22 |     1 |     2 ||    43
       Stone Arrow       |       |    23 |   136 |   186 ||   345
       Borgnjor's Vile C |       |       |       |     5 ||     5
Invok: Curse Item        |       |       |       |     2 ||     2
  Use: Scroll            |       |     3 |     1 |     1 ||     5
 Stab: Sleeping          |     1 |     2 |       |       ||     3
Armor: Robe              |     4 |    18 |     3 |    25 ||    50
Dodge: Dodged            |     8 |    38 |    28 |    34 ||   108
Block: Kite shield       |       |       |       |    22 ||    22

Table legend: (Time is in decaauts)
 A = Elapsed time spent in this place.
 B = Non-inter-level travel time spent in this place.
 C = Inter-level travel time spent in this place.
 D = Time resting spent in this place.
 E = Time spent auto-exploring this place.
 F = Levels seen in this place.
 G = Mean time per level.
                   A        B        C        D        E       F      G
               +--------+--------+--------+--------+--------+-----+--------+
         Total |  12814 |  12360 |    454 |   1385 |   9438 |  11 | 1164.9 |
       Dungeon |  12353 |  11935 |    418 |   1385 |   9026 |  10 | 1235.3 |
        Temple |    460 |    425 |     35 |      0 |    412 |   1 |  460.0 |
               +--------+--------+--------+--------+--------+-----+--------+

Top non-repeatable levels by time:
     D:7: 2340 daAuts
     D:5: 1987 daAuts
     D:9: 1835 daAuts
     D:4: 1501 daAuts
     D:8: 1221 daAuts
     D:6: 1163 daAuts
     D:3: 844 daAuts
     D:2: 771 daAuts
     D:1: 631 daAuts
  Temple: 460 daAuts
    D:10: 56 daAuts
